 Dungeon Crawl Stone Soup version 0.17-a0-1667-g4ca74a1 (webtiles) character file.

2048 Promi the Conjurer (level 9, -1/45 HPs)
             Began as a Deep Elf Conjurer on Aug 17, 2015.
             Slain by a griffon (7 damage)
             ... on level 8 of the Dungeon.
             The game lasted 00:40:41 (6325 turns).

Promi the Conjurer (Deep Elf Conjurer)              Turns: 6325, Time: 00:40:41

Health: -1/45      AC:  5    Str:  6    XL:     9   Next: 4%
Magic:  23/30      EV: 14    Int: 23    God:
Gold:   184        SH:  0    Dex: 13    Spells: 5 memorised, 9 levels left

rFire  + . .     SeeInvis .     H - +1 dagger "Uthrit" {drain, rC+ Dex-2 Stlth+}
rCold  + . .     Clarity  .     C - +1 leather armour
rNeg   . . .     SustAt   .     (no shield)
rPois  .         Gourm    .     (no helmet)
rElec  .         Spirit   .     (no cloak)
rCorr  .         Warding  .     d - +0 pair of gloves
rMut   .         Stasis   .     (no boots)
MR     .....                    D - amulet of inaccuracy (curse)
Stlth  ++++......               o - ring of protection from fire
                                g - ring of magical power

@: not resistant to hostile enchantments, stealthy
A: no striking features
a: no special abilities


You were on level 8 of the Dungeon.
You were not hungry.

You visited 2 branches of the dungeon, and saw 9 of its levels.

You collected 387 gold pieces.
You spent 203 gold pieces at shops.

Inventory:

Hand weapons
 e - a +0 dagger
 q - a +0 short sword
 H - the +1 dagger "Uthrit" (weapon) {drain, rC+ Dex-2 Stlth+}
   (You bought it in a shop on level 5 of the Dungeon)

   A truly terrible weapon, it drains the life of those it strikes.
   It affects your dexterity (-2).
   It protects you from cold.
   It makes you more stealthy.
 N - a +0 short sword
Armour
 a - a +0 robe
 d - a +0 pair of gloves (worn)
 A - a +0 shield
 C - a +1 leather armour (worn)
Jewellery
 g - a ring of magical power (left hand)
 k - an uncursed amulet of resist mutation {unknown}
 o - a ring of protection from fire (right hand)
 D - a cursed amulet of inaccuracy (around neck)
 I - an uncursed ring of fire {unknown}
Scrolls
 f - 8 scrolls of identify
 j - a scroll of recharging
 m - 4 scrolls of fear
 u - 3 scrolls of enchant armour
 y - 2 scrolls of blinking
 B - a scroll of magic mapping
 F - a scroll of teleportation
 K - a scroll of remove curse {unknown}
 M - a scroll of acquirement {unknown}
Potions
 h - 2 potions of flight
 i - a potion of cure mutation
 p - a potion of invisibility
 r - a potion of cancellation
 s - a potion of experience
 t - a potion of mutation {unknown}
 v - 2 potions of curing {unknown}
 w - a potion of haste {unknown}
 x - 2 potions of heal wounds {unknown}
 z - a potion of poison {unknown}
 E - 2 potions of brilliance {unknown}
 L - a potion of ambrosia {unknown}
Books
 b - a book of Conjurations

   Spells                             Type                      Level
   a - Magic Dart                     Conjuration                  1
   b - Searing Ray                    Conjuration                  2
   c - Dazzling Spray                 Conjuration/Hexes            3
   d - Fulminant Prism                Conjuration/Hexes            4
   e - Iskenderun's Mystic Blast      Conjuration                  4
   f - Iskenderun's Battlesphere      Conjuration/Charms           5
 G - a book of Party Tricks

   Spells                             Type                      Level
   a - Summon Butterflies             Summoning                    1
   b - Apportation                    Translocation                1
   c - Tukima's Dance                 Hexes                        3
   d - Alistair's Intoxication        Transmutation/Poison         4
   e - Invisibility                   Hexes                        6
Comestibles
 c - 10 bread rations
 l - 3 meat rations
 n - 3 slices of pizza
 J - a beef jerky
 O - 4 chunks of flesh


   Skills:
 + Level 3.6 Armour
 + Level 6.5 Dodging
 + Level 6.2 Stealth
 + Level 7.0 Spellcasting
 + Level 7.4 Conjurations
 + Level 5.4 Hexes


You had 9 spell levels left.
You knew the following spells:

 Your Spells              Type           Power        Failure   Level  Hunger
a - Magic Dart            Conj           ####         1%          1    None
b - Searing Ray           Conj           #####.       1%          2    None
c - Dazzling Spray        Conj/Hex       #####...     2%          3    None
d - Iskenderun's Mystic   Conj           #####...     8%          4    ###....
e - Tukima's Dance        Hex            ####....     4%          3    None


Dungeon Overview and Level Annotations

Branches:
Dungeon (8/15)             Temple (1/1) D:4
   Lair: D:8-11

Altars:
Ashenzari
Cheibriados
Dithmenos
Elyvilon
Gozag
Kikubaaqudgha
Makhleb
Nemelex Xobeh
Okawaru
Qazlal
Ru
Sif Muna
Trog
Xom
Yredelemnul
Zin
The Shining One

Shops:
D:5 (   D:6 (


Message History

There is a stone staircase leading up, spattered with blood here.
Casting: Searing Ray
Confirm with . or Enter, or press ? or * to list all spells.
Aiming: Dazzling Spray
Press: ? - help, Shift-Dir - straight line, f - griffon
Aim: a griffon The spray of energy hits the griffon.
The griffon is lightly wounded.
The griffon bites you. The griffon pecks you! The griffon claws you.
Casting: Dazzling Spray
Confirm with . or Enter, or press ? or * to list all spells.
Aiming: Dazzling Spray
Press: ? - help, Shift-Dir - straight line, f/p - griffon
Aim: a griffon (lightly wounded)
The spray of energy hits the griffon.
The griffon is lightly wounded.
The griffon bites you!
* * * LOW HITPOINT WARNING * * *
The griffon pecks you!
You die...

#####...####.........###)...
...........).........+......
#####..O..##.........####...
#......###.......## ##.#
#...H..####.....## ###
#..............## #
#.##.#######..## #
#.##Y##### #..# # #....O.H@#
#..# # ####.###.###..#######
# #.###............# #
#............###.## #
#########...###...#### ##.##
#....... ### #...#### #####


You could see a griffon, a sky beast and an ogre.

Vanquished Creatures
  A spriggan (D:7)
  3 ogres
  2 phantoms
  An ice beast (D:5)
  An orc warrior (D:7)
  3 centaurs
  An eye of draining (D:7)
  A big kobold (D:7)
  2 giant frogs (D:6)
  A wyvern zombie (D:7)
  2 scorpions
  A crimson imp (D:7)
  A giant frog zombie (D:5)
  2 giant frog skeletons
  A jelly (D:6)
  An orc priest (D:7)
  A centaur skeleton (D:5)
  4 worker ants
  2 iguanas
  A killer bee zombie (D:7)
  2 hound skeletons
  3 adders
  A shadow imp (D:7)
  An ooze (D:3)
  A worm (D:2)
  5 giant geckos
  10 orcs
  2 ball pythons (D:1)
  7 bats
  5 giant cockroaches
  9 hobgoblins
  11 kobolds
  2 quokkas
  A giant gecko skeleton (D:4)
  8 giant newts
  6 goblins
  6 jackals
  A jackal zombie (D:7)
  10 rats
123 creatures vanquished.

Vanquished Creatures (collateral kills)
  3 orc wizards
  An orc (D:7)
4 creatures vanquished.

Grand Total: 127 creatures vanquished

Notes
Turn   | Place    | Note
--------------------------------------------------------------
     0 | D:1      | Promi the Deep Elf Conjurer began the quest for the Orb.
     0 | D:1      | Reached XP level 1. HP: 10/10 MP: 6/6
   186 | D:1      | Reached XP level 2. HP: 15/15 MP: 6/8
   190 | D:1      | Learned a level 2 spell: Searing Ray
   648 | D:1      | Reached skill level 5 in Conjurations
   721 | D:2      | Reached XP level 3. HP: 19/19 MP: 9/9
  1365 | D:3      | Learned a level 3 spell: Dazzling Spray
  1535 | D:3      | Reached skill level 1 in Armour
  1737 | D:3      | Reached XP level 4. HP: 24/24 MP: 11/11
  2345 | D:4      | Found a staircase to the Ecumenical Temple.
  2354 | Temple   | Entered the Ecumenical Temple
  2452 | D:4      | Found a deep blue altar of Sif Muna.
  2456 | D:4      | Found a sparkling altar of Nemelex Xobeh.
  2517 | D:4      | Reached XP level 5. HP: 28/28 MP: 11/12
  2618 | D:4      | Noticed a phantom
  2635 | D:4      | Killed a phantom
  2818 | D:4      | Found a snail-covered altar of Cheibriados.
  2941 | D:4      | Reached XP level 6. HP: 32/32 MP: 13/14
  2989 | D:5      | Entered Level 5 of the Dungeon
  2989 | D:5      | Found Qaydix's Antique Weapon Boutique.
  3011 | D:5      | Learned a level 4 spell: Iskenderun's Mystic Blast
  3015 | D:5      | Learned a level 3 spell: Tukima's Dance
  3030 | D:5      | Bought a pitted dagger for 203 gold pieces
  3030 | D:5      | Identified the cursed +1 dagger "Uthrit" {drain, rC+ Dex-2 Stlth+} (You bought it in a shop on level 5 of the Dungeon)
  3169 | D:5      | Reached skill level 1 in Hexes
  3503 | D:5      | Reached skill level 6 in Conjurations
  3787 | D:6      | Found a stormy altar of Qazlal.
  3791 | D:6      | Reached XP level 7. HP: 36/36 MP: 16/16
  3852 | D:6      | Reached skill level 5 in Spellcasting
  4376 | D:6      | Found Bojusy's Weapon Shoppe.
  4445 | D:6      | Reached skill level 5 in Dodging
  4615 | D:6      | Reached skill level 5 in Stealth
  4615 | D:6      | Reached XP level 8. HP: 27/41 MP: 5/18
  5134 | D:7      | Found an iron altar of Okawaru.
  5319 | D:7      | Reached skill level 7 in Conjurations
  6063 | D:8      | Reached skill level 5 in Hexes
  6216 | D:8      | Noticed a griffon
  6264 | D:7      | Reached XP level 9. HP: 36/45 MP: 20/21
  6325 | D:8      | Slain by a griffon

Vault maps used:
D:1:      lightli_iron_boxes, hangedman_decor_growths
D:3:      first_bread, columned_hall_lemuel
D:4:      lemuel_doored_altar, minitemple, minmay_temple_entry_crystal_x
D:5:      serial_shops, nicolae_shop_trees
D:6:      old_standard_altar, serial_shops, nicolae_shop_trees
D:7:      old_standard_altar, the_bakery, kennysheep_generic_room_5
D:8:      hangedman_cross_stitches, enter_bailey_3, serial_shops,
          nicolae_shop_statue_plus
Temple:   circular_temple_pool_12

Action                   |  1- 3 |  4- 6 |  7- 9 || total
-------------------------+-------+-------+-------++-------
Melee: Unarmed           |     3 |       |       ||     3
       Dagger            |    10 |     3 |     2 ||    15
 Cast: Magic Dart        |    88 |    66 |   122 ||   276
       Searing Ray       |     4 |     9 |    20 ||    33
       Dazzling Spray    |       |    10 |    15 ||    25
       Tukima's Dance    |       |       |     6 ||     6
  Use: Scroll            |       |    13 |       ||    13
  Eat: Chunk             |     2 |     7 |     4 ||    13
       Bread ration      |       |       |     1 ||     1
